 Dungeon Crawl Stone Soup version 0.22.1-1-ga44c0e5 (webtiles) character file.

78 rabbit the Chopper (level 4, 0/41 HPs)
             Began as a Minotaur Berserker on Oct 4, 2018.
             Was a Believer of Trog.
             Hit by a stone thrown by a gnoll (2 damage)
             ... on level 2 of the Dungeon on Oct 9, 2018.
             The game lasted 00:04:51 (1010 turns).

rabbit the Chopper (Minotaur Berserker)             Turns: 1010, Time: 00:04:51

Health: 0/41       AC:  2    Str: 23    XL:     4   Next: 15%
Magic:  3/3        EV: 12    Int:  4    God:    Trog [**....]
Gold:   93         SH:  0    Dex:  9    Spells: 3/3 levels left

rFire    . . .     SeeInvis .   a - +0 hand axe
rCold    . . .     Gourm    .   (no shield)
rNeg     . . .     Faith    .   b - +0 animal skin
rPois    .         Spirit   .   (helmet restricted)
rElec    .         Reflect  .   (no cloak)
rCorr    .         Harm     .   (no gloves)
MR       .....                  (no boots)
Stlth    +.........             (no amulet)
HPRegen  0.13/turn              (no ring)
MPRegen  0.08/turn              (no ring)

@: no status effects
A: retaliatory headbutt, horns 2
a: Berserk, Trog's Hand, Renounce Religion


You were on level 2 of the Dungeon.
You worshipped Trog.
Trog was pleased with you.
You were not hungry.

You visited 1 branch of the dungeon, and saw 2 of its levels.

You collected 93 gold pieces.

Inventory:

Hand Weapons
 a - a +0 hand axe (weapon)
Armour
 b - a +0 animal skin (worn)
Jewellery
 d - an uncursed ring of flight {unknown}
 k - an uncursed ring of stealth {unknown}
Scrolls
 f - a scroll of random uselessness {unknown}
 g - a scroll of fear {unknown}
 h - a scroll of noise {unknown}
 i - a scroll of amnesia {unknown}
 j - 3 scrolls of remove curse {unknown}
 l - a scroll of fog {unknown}
Potions
 e - a potion of lignification {unknown}
 m - a potion of curing {unknown}
Comestibles
 c - a ration


   Skills:
 + Level 4.6 Fighting
 + Level 4.9 Axes
 + Level 2.6 Armour
 + Level 2.6 Dodging
 + Level 0.1 Stealth


You had 3 spell levels left.
You didn't know any spells.
Your spell library was empty.

Dungeon Overview and Level Annotations

Branches:
Dungeon (2/15)

Altars:


Innate Abilities, Weirdness & Mutations

You reflexively headbutt those who attack you in melee.
You have a pair of horns on your head.


Message History

You hit the gnoll. Your headbutt misses the gnoll.
The gnoll is almost dead.
The gnoll closely misses you. You furiously retaliate!
You headbutt the gnoll, but do no damage.
You barely miss the gnoll.
The gnoll is almost dead.
The gnoll closely misses you.
You hit the gnoll.
You kill the gnoll!
Trog accepts your kill.
Things that are here:
7 stones; a kobold corpse You see here a stone.
A gnoll comes into view.
The gnoll shouts!
The gnoll throws a stone.
The stone hits you.
* * * LOW HITPOINT WARNING * * *
You see here a stone.
The gnoll throws a stone.
The stone hits you.
You die...

.................##.....<..
##................#.......
.. #.......................
. #.......................
#.......................
#......########...##)###
#......#.#.#. #....#?## ..
. #
########≈≈≈≈≈≈#(..((.(##
... ..# ..g..%'@..##(†(##.#
....
≈≈≈≈≈≈#...%(.......)....
#.#.#.#.#....#.......... #
# #.#.#(...#.##.#..#
#.#.#....#........
#.....(........# #
#####...#.....#..#
#.[.............#
#....†....###...#


You could see a gnoll.

Vanquished Creatures
  A gnoll (D:2)
  An adder (D:2)
  An ooze (D:2)
  A dart slug (D:1)
  A leopard gecko (D:2)
  An orc (D:2)
  3 giant cockroaches
  5 goblins
  7 hobgoblins
  2 jackals (D:1)
  11 kobolds
  6 bats
  4 frilled lizards
  3 rats
47 creatures vanquished.

Notes
Turn   | Place    | Note
-------+----------+-------------------------------------------
     0 | D:1      | rabbit the Minotaur Berserker began the quest for the Orb.
     0 | D:1      | Reached XP level 1. HP: 19/19 MP: 0/0
   231 | D:1      | Reached XP level 2. HP: 25/27 MP: 1/1
   730 | D:2      | Reached XP level 3. HP: 33/33 MP: 2/2
   737 | D:2      | Reached ** piety under Trog
   958 | D:2      | Reached XP level 4. HP: 9/41 MP: 3/3
   962 | D:2      | HP: 1/41 [gnoll (2)]
  1009 | D:2      | HP: 2/41 [gnoll/stone (5)]
  1010 | D:2      | Hit by a stone thrown by a gnoll

Skill      XL: |  1  2 |
---------------+-------+-----
Axes           | 4 |  4.9
Fighting       | 4 |  4.6
Armour         | |  2.6
Dodging        | |  2.6
Stealth        | |  0.1

Action                   |  1- 3 |  4- 6 || total
-------------------------+-------+-------++-------
Melee: Hand axe          |    76 |     4 ||    80
       Headbutt          |    12 |       ||    12
Armor: Animal skin       |    25 |       ||    25
Dodge: Dodged            |    79 |     5 ||    84
